[Event "*** Titled Tuesday Blitz"]
[Site "Chess.com"]
[Date "2020.12.01"]
[Round "2"]
[White "DarZay"]
[Black "DanilNajdin"]
[Result "1-0"]
[WhiteElo "2144"]
[BlackElo "2376"]
[TimeControl "180+1"]
[EndTime "10:18:17 PST"]
[Termination "DarZay won on time"]

1. e4 e5 2. Nf3 Nc6 3. d4 exd4 4. Nxd4 Nf6 5. Nc3 Bb4 6. f3 O-O 7. Bc4 d5 8. exd5 Nxd5 9. Bxd5 Qxd5 10. Ne2 Qxd1+ 11.
Kxd1 Rd8+ 12. Ke1 Bf5 13. Bf4 Nd4 14. Nxd4 Rxd4 15. Bxc7 Re8+ 16. Kf2 Rd2+ 17. Kg3 Bxc3 18. bxc3 Ree2 19. Rhg1 g5 20. Rae1 Rxc2 21. Rxe2 Rxe2 22. Rd1 h5 23. h3 h4+ 24. Kh2 Rxa2 25. Rd5 Be6 26. Rxg5+ Kf8 27. Bd6+ Ke8 28. Rh5 Kd7 29. Bb4 b6 30. Rxh4 a5 31. Bf8 a4 32.
Rb4 Bb3 33. Rxb6 Kc7 34. Rb4 Bd5 35. Rf4 Ra1 36. h4 a3 37. Ra4 a2 38. h5 Re1 39. h6 Bb3 40. Ra3 a1=Q 41. Rxa1 Rxa1 42. h7 Kd7 43. h8=Q Ra2 44. Qh3+ Be6 45. Qg3 Ke8 46. Qd6 Ra7 47. Qc6+ Rd7 48. Bd6 1-0

[Event "*** Titled Tuesday Blitz"]
[Site "Chess.com"]
[Date "2020.12.01"]
[Round "2"]
[White "kidagent"]
[Black "anon102030"]
[Result "0-1"]
[WhiteElo "2319"]
[BlackElo "2719"]
[TimeControl "180+1"]
[EndTime "10:18:18 PST"]
[Termination "anon102030 won by resignation"]

1. e4 e5 2. Nf3 Nc6 3. Bb5 Nge7 4. c3 d6 5. O-O Bd7 6. Re1 Ng6 7. d4 Be7 8. d5 Nb8 9. Bxd7+ Nxd7 10. Nbd2 O-O 11.
Nf1 f5 12. exf5 Rxf5 13. Ng3 Rf7 14. Ne4 h6 15. Be3 Nf4 16. g3 Nh5 17. Nfg5 Bxg5 18.
Bxg5 Nhf6 19. Bxf6 Nxf6 20. Qd2 Qd7 21. Kg2 Nh5 22.
h3 Raf8 23. Rf1 Rf3 24. Rae1 R3f7 25. Qe2 Qf5 26. Qg4 Qxg4 27. hxg4 Nf6 28. Nxf6+ Rxf6 29. Re4 Rf3 30. Rc4 R8f7 31. Rxc7 Rxf2+ 32. Rxf2 Rxc7 33. Kf3 Rc4 34. Rc2 g6 35. b3 Rc5 36. c4 Kg7 37. Rf2 b5 38. Rc2 bxc4 39. bxc4 Kf6 40. Ke4 Kg5 41.
Kd3 Kxg4 42. Rh2 h5 43. Rg2 g5 44. Rb2 Kxg3 45. Rb7 Ra5 46. Rd7 h4 47. Rxd6 h3 48.
Rh6 h2 49. d6 Ra3+ 50. Ke4 Rxa2 51. d7 Rd2 52. Kxe5 Rxd7 53. c5 Kg2 54. c6 Rd1 55. c7 Rc1 56. Kd6 h1=Q 57. Rxh1 Kxh1 58. Kd7 Rxc7+ 59.
Kxc7 g4 60. Kb7 g3 61. Kxa7 g2 62. Ka6 g1=Q 63. Ka5 Qd1 64. Kb4 Kg2 0-1

[Event "*** Titled Tuesday Blitz"]
[Site "Chess.com"]
[Date "2020.12.01"]
[Round "2"]
[White "PenguinPacks"]
[Black "midedu"]
[Result "1-0"]
[WhiteElo "2378"]
[BlackElo "2093"]
[TimeControl "180+1"]
[EndTime "10:18:20 PST"]
[Termination "PenguinPacks won on time"]

1. e4 c5 2. c3 d5 3. exd5 Qxd5 4.
Nf3 Nf6 5. Na3 Bg4 6. Be2 Nc6 7. O-O Rd8 8. Nb5 Qd7 9. d4 a6 10.
Na3 cxd4 11. Bf4 d3 12. Nc4 dxe2 13. Qxe2 Bxf3 14. Qxf3 Qd5 15. Qe2 Qd3 16. Qxd3 Rxd3 17.
Rfc1 e6 18. a4 Be7 19. b4 Nd5 20. Bd6 Rxc3 21. b5 Nd4 22. Rxc3 Nxc3 23. Be5 O-O 24.
Kf1 Bf6 25. Bxf6 gxf6 26. b6 Rd8 27. Ra3 Nd5 28. a5 Nc6 29. Nb2 Nc3 30. g3 Nb5 31.
Ra1 Rd4 32. Na4 Rc4 33. Nb2 Rc2 34. Nd3 Ne5 35. Nb4 Rb2 36. Nxa6 bxa6 37. Rd1 Nc3 38. Rd8+ Kg7 39. Ra8 Nc4 40. Rxa6 Nxa5 41. Rxa5 Rxb6 42. Ra3 Nd5 43. Kg2 f5 44. Ra4 Rb2 45. h4 Kf6 46. Kf3 Ke5 47. g4 Rb3+ 48. Kg2 f4 49. Ra7 Ke4 50.
Rxf7 e5 51. g5 1-0

[Event "*** Titled Tuesday Blitz"]
[Site "Chess.com"]
[Date "2020.12.01"]
[Round "2"]
[White "penguingm1"]
[Black "Lupul_Cenusiu"]
[Result "1-0"]
[WhiteElo "2996"]
[BlackElo "2585"]
[TimeControl "180+1"]
[EndTime "10:18:21 PST"]
[Termination "penguingm1 won on time"]

1. d4 Nf6 2. c4 e6 3. Nc3 c5 4. d5 d6 5. e4 Be7 6. f4 exd5 7. cxd5 O-O 8. Nf3 Bg4 9. Bd3 Nbd7 10. O-O Qc7 11. h3 Bxf3 12. Qxf3 c4 13. Bc2 b5 14. Be3 a6 15. a3 Rab8 16. Rae1 Rfe8 17. Bd4 Bf8 18. Re2 b4 19. axb4 Rxb4 20. Bb1 Qb8 21. Rff2 h6 22. g4 Nh7 23. h4 Nc5 24. Bxc5 dxc5 25. e5 g6 26. d6 Bg7 27. Qd5 Qb7 28.
Qxc5 Nf8 29. Be4 Qb6 30. Qxb6 Rxb6 31. Nd5 Rb3 32. Ne7+ Kh8 33. Bd5 Ne6 34. Bxc4 Rg3+ 35. Kh2 Rxg4 36. Bxe6 fxe6 37. Kh3 h5 38. Rg2 Bf8 39. Nxg6+ Kg7 40. Nxf8 Rxf8 41. Rxg4+ hxg4+ 42. Kxg4 Rb8 43. Rc2 Rb3 44. h5 Rd3 45. Rc7+ Kh6 46. Re7 Rd2 47. Rxe6+ Kh7 48. Re7+ Kh6 49. d7 a5 50. e6 a4 51. Re8 a3 52. bxa3 Rg2+ 53. Kf5 1-0

[Event "*** Titled Tuesday Blitz"]
[Site "Chess.com"]
[Date "2020.12.01"]
[Round "2"]
[White "rychessmaster1"]
[Black "ChristopherYoo"]
[Result "1-0"]
[WhiteElo "2561"]
[BlackElo "2858"]
[TimeControl "180+1"]
[EndTime "10:18:23 PST"]
[Termination "rychessmaster1 won by resignation"]

1. d4 Nf6 2. Nc3 d6 3. e4 e5 4.
Nf3 Nbd7 5. Bc4 Be7 6. O-O O-O 7. h3 c6 8. a4 a5 9. dxe5 Nxe5 10. Nxe5 dxe5 11.
Be3 Qc7 12. Qe2 Bb4 13. f3 b6 14. Rad1 Nd7 15. Na2 Bc5 16. b3 Bxe3+ 17. Qxe3 Nc5 18. Nc1 Be6 19. Be2 Rfd8 20. Nd3 Nxd3 21. Rxd3 Rxd3 22. Qxd3 Rd8 23. Qa6 Bc8 24. Qc4 Rd4 25. Qc3 Qd6 26. Qe3 Be6 27. g4 c5 28. Bb5 c4 29. Rc1 Qc5 30. Kf1 h5 31. Ke2 Qa3 32. bxc4 Bxc4+ 33. Bxc4 Qxe3+ 34. Kxe3 Rxc4 35. Rb1 hxg4 36. hxg4 Rxc2 37. Rxb6 Rc4 38. Rb5 Rxa4 39. Rxe5 Ra3+ 40. Kf2 f6 41. Rb5 Kf7 42. Rb7+ Kg6 43. Ra7 Kg5 44. Kg3 g6 45. Ra6 a4 46. Ra5+ Kh6 47. e5 fxe5 48. Rxe5 Rb3 49.
Ra5 a3 50. Ra7 Kg5 51. Ra5+ Kf6 52. g5+ Ke6 53. Kg4 Rc3 54. f4 Kf7 55. Ra6 Kf8 56. Rxg6 Kf7 57. Ra6 Kg7 58. f5 Rc4+ 59. Kh5 Rc3 60.
f6+ Kf8 61. Kg6 Rc8 62. Rxa3 Kg8 63. Re3 Rb8 64. f7+ Kf8 65. Re8+ 1-0

[Event "*** Titled Tuesday Blitz"]
[Site "Chess.com"]
[Date "2020.12.01"]
[Round "2"]
[White "Misi_95"]
[Black "Twannibal"]
[Result "0-1"]
[WhiteElo "2657"]
[BlackElo "2506"]
[TimeControl "180+1"]
[EndTime "10:18:23 PST"]
[Termination "Twannibal won by checkmate"]

1. e4 e5 2. Nf3 Nf6 3. Nxe5 d6 4. Nf3 Nxe4 5. Nc3 Nxc3 6. dxc3 Be7 7. Bf4 Nd7 8. Qd2 O-O 9. O-O-O Nc5 10. h4 Re8 11.
Bc4 Be6 12. Bxe6 Nxe6 13. Be3 a5 14. Ng5 Qd7 15. Qd3 Nf8 16. h5 h6 17. Nf3 a4 18. a3 Ra5 19. Rh3 Qg4 20. Rdh1 Qf5 21. Qd2 Bf6 22. Rg3 Kh8 23. Nd4 Qe4 24. Bxh6 gxh6 25.
Qxh6+ Nh7 26. f4 Rg8 27. Rxg8+ Kxg8 28. Kb1 Bxd4 29. cxd4 Qxd4 30. Re1 Ra8 31. f5 Qf6 32. Qf4 c6 33. Re3 d5 34. g4 Ng5 35. Qc7 d4 36. Rd3 b5 37. Qb6 Rd8 38. Qc5 Kh7 39. Qb6 Rd7 40. Qc5 Rd5 41. Qb6 Ne4 42. Qc7 Nc5 43. g5 Qxf5 44. g6+ Kh6 45. Rg3 d3 46. gxf7 dxc2+ 47. Ka2 c1=Q 48. f8=Q+ Qxf8 49. Qxc6+ Qd6 50. Qe8 Qc4+ 51.
Kb1 Rd1# 0-1

[Event "*** Titled Tuesday Blitz"]
[Site "Chess.com"]
[Date "2020.12.01"]
[Round "2"]
[White "HarutyunianTigranK"]
[Black "SanchezKelvin"]
[Result "1/2-1/2"]
[WhiteElo "2696"]
[BlackElo "2480"]
[TimeControl "180+1"]
[EndTime "10:18:24 PST"]
[Termination "Game drawn by repetition"]

1. c4 Nf6 2. Nc3 g6 3. Nf3 Bg7 4. g3 O-O 5. Bg2 c5 6. d4 d6 7. O-O Nc6 8. d5 Na5 9. Nd2 a6 10. Rb1 Rb8 11. b3 Bf5 12. e4 Bg4 13. Qc2 b5 14. Bb2 Qc7 15. h3 b4 16. Nd1 Bxd1 17.
Rbxd1 Rfe8 18. f4 e6 19. dxe6 Rxe6 20. f5 gxf5 21. Rxf5 Nd7 22. Bxg7 Kxg7 23. Nf3 f6 24. Rh5 Ne5 25. Nh4 Nac6 26. Nf5+ Kh8 27. Qd2 Rg8 28. Qd5 Qf7 29. g4 Nd4 30. Nh6 Qe8 31. Nxg8 Kxg8 32. Rf1 Kg7 33. Kh2 Qg6 34. Qb7+ Kh8 35. Rff5 Qg7 36. Qxa6 Nxf5 37. Qc8+ Qg8 38. Qxg8+ Kxg8 39. exf5 Re7 40. g5 Kg7 41. gxf6+ Kxf6 42. Rh6+ Kxf5 43.
Rxd6 Ra7 44. Rd2 Kf4 45. Re2 Rd7 46. Re4+ Kf5 47. Re2 Kf4 48. Kg1 Rd1+ 49. Kf2 Rd3 50. Re4+ Kf5 51. Re2 Kf4 52. Ke1 Rc3 53. Kd2 Rd3+ 54.
Kc2 Rg3 55. Kd2 Rd3+ 56. Ke1 Rc3 57. Rf2+ Ke3 58. Re2+ Kf4 1/2-1/2

[Event "*** Titled Tuesday Blitz"]
[Site "Chess.com"]
[Date "2020.12.01"]
[Round "2"]
[White "Logman74"]
[Black "xamax2000"]
[Result "0-1"]
[WhiteElo "2363"]
[BlackElo "2645"]
[TimeControl "180+1"]
[EndTime "10:18:24 PST"]
[Termination "xamax2000 won on time"]

1. e4 c6 2. d4 d5 3. exd5 cxd5 4. c4 Nf6 5. Nc3 g6 6. Qb3 Bg7 7. cxd5 O-O 8. Be2 a6 9. Bf3 b5 10. Nge2 Bb7 11. O-O Nbd7 12. a4 Nb6 13. axb5 axb5 14. Rxa8 Qxa8 15. Qxb5 Nfxd5 16. Nxd5 Nxd5 17. Nf4 Rd8 18. Re1 e6 19. Bxd5 Bxd5 20. Be3 Rb8 21. Qd7 Rb7 22.
Qd6 Rxb2 23. h4 h5 24. Rc1 Be4 25. Qd7 Rb1 26. Rxb1 Bxb1 27. d5 e5 28. Nh3 Bf5 29. Qc6 Qxc6 30. dxc6 Kf8 31. Ng5 f6 32. Nf3 Ke7 33.
Bc5+ Kd8 34. Bd6 Be4 35. c7+ Kd7 36. Nd2 Bb7 37. Nc4 Ba6 38. Nb6+ Kxd6 39. c8=Q Bxc8 40. Nxc8+ Ke6 41. Nb6 f5 42. g3 Bf6 43. Nc4 Kd5 44. Ne3+ Ke4 45. Nc4 Kd4 46. Nd6 Kd5 47. Nb5 e4 48. Kf1 Be5 49. Ke2 Kc4 50. Na7 Kc5 51. Nc8 Bf6 0-1

[Event "*** Titled Tuesday Blitz"]
[Site "Chess.com"]
[Date "2020.12.01"]
[Round "2"]
[White "azikom"]
[Black "03revilo"]
[Result "1-0"]
[WhiteElo "2625"]
[BlackElo "2321"]
[TimeControl "180+1"]
[EndTime "10:18:24 PST"]
[Termination "azikom won by resignation"]

1. e4 c5 2. Nc3 Nc6 3. g3 g6 4.
Bg2 Bg7 5. d3 e6 6. Be3 d6 7. Qd2 Nd4 8. Nd1 h5 9. c3 Nc6 10. h3 Nge7 11. Ne2 b6 12. O-O Bb7 13. f4 Qd7 14. Nf2 O-O-O 15. d4 cxd4 16. cxd4 d5 17. e5 Nf5 18. Rfc1 Kb8 19. Kh2 f6 20. Nd3 Nxe3 21. Qxe3 fxe5 22. dxe5 h4 23. g4 g5 24. fxg5 Qc7 25. Nef4 Rde8 26. Ng6 Rh7 27. Kh1 Qf7 28. Ngf4 Rhh8 29. Rf1 Qc7 30. Rae1 Rhf8 31. Ng6 Rxf1+ 32. Rxf1 Ba6 33. Rc1 Qd7 34. Nxh4 Bxd3 35. Qxd3 Nxe5 36. Qg3 Kb7 37. Re1 Nc4 38. b3 Nd6 39. Ng6 Nb5 40. Nf4 Qc7 41. Nh5 Bh8 42. Qxc7+ Kxc7 43. h4 Kd6 44. Kh2 e5 45. Nf6 Bxf6 46. gxf6 Rh8 47. Kh3 Nd4 48. h5 Rh6 49. Rf1 Ne6 50. Kh4 Nf4 51.
Rxf4 exf4 52. g5 Rh8 53. g6 Ke6 54. Kg5 d4 55. g7 Rg8 56. h6 Kf7 57. h7 Rxg7+ 58.
fxg7 Kxg7 59. Kxf4 Kxh7 60. Ke4 Kg7 61. Kxd4 Kf7 62.
Kd5 Ke7 63. Kc6 Kd8 64. Kb7 1-0

[Event "*** Titled Tuesday Blitz"]
[Site "Chess.com"]
[Date "2020.12.01"]
[Round "2"]
[White "andrzej"]
[Black "ChessQueen"]
[Result "0-1"]
[WhiteElo "2389"]
[BlackElo "2732"]
[TimeControl "180+1"]
[EndTime "10:18:25 PST"]
[Termination "ChessQueen won on time"]

1. e4 c6 2. d4 d5 3. exd5 cxd5 4. Bd3 Nc6 5. c3 Nf6 6. Bf4 g6 7. Nf3 Bg7 8. h3 Bf5 9. Bxf5 gxf5 10. O-O Ne4 11. Ne1 Bf6 12. Nd3 e6 13. f3 Nd6 14.
Nd2 Rg8 15. Kh2 Bg5 16. Bg3 Bh4 17. Bf4 Qe7 18. Qe2 O-O-O 19. Ne5 Bg5 20. Qe3 Bxf4+ 21.
Qxf4 Qg5 22. Qxg5 Rxg5 23. Nxc6 bxc6 24. Rae1 f4 25. Nb3 Nf5 26. Nc5 Rdg8 27. Rf2 Ne3 28. Rg1 Kc7 29. Re2 Nc4 30. Nd3 Rf5 31. b3 Nd6 32. Ne5 Nb5 33. Rc1 Kd6 34. Rd2 c5 35.
a4 cxd4 36. Nxf7+ Rxf7 37. axb5 dxc3 38. Rxc3 Rc7 39. Rdc2 Rgc8 40. Rc6+ Rxc6 41. bxc6 Rxc6 42. Ra2 a6 43. g3 fxg3+ 44. Kxg3 Ke5 45. Kg4 Kf6 46.
f4 Rb6 47. Ra3 Kg6 48. h4 h5+ 49. Kf3 Kf5 50. Ke3 Rb4 51. Rxa6 Rxb3+ 52. Kf2 Rb4 53. Rc6 Rxf4+ 54. Kg3 Rg4+ 55. Kh3 d4 56. Rc5+ e5 57. Rc6 d3 58. Rd6 Ke4 59. Rd7 Ke3 60.
Rd8 d2 61. Rd7 Rd4 62. Rf7 d1=Q 0-1

[Event "*** Titled Tuesday Blitz"]
[Site "Chess.com"]
[Date "2020.12.01"]
[Round "2"]
[White "Agent-JL"]
[Black "picturesquecheck"]
[Result "0-1"]
[WhiteElo "2377"]
[BlackElo "2146"]
[TimeControl "180+1"]
[EndTime "10:18:25 PST"]
[Termination "picturesquecheck won on time"]

1. d4 Nf6 2. c4 e6 3. Nf3 d5 4. Nc3 dxc4 5. e3 a6 6. Bxc4 b5 7.
Bd3 c5 8. a4 b4 9. Ne2 Bb7 10.
b3 Nc6 11. Bb2 cxd4 12. Nexd4 Nxd4 13. Bxd4 Be7 14. O-O O-O 15. a5 Rc8 16. Qe2 Bxf3 17. gxf3 Bc5 18. Bxa6 Bxd4 19. Rad1 Ra8 20. Rxd4 Qxa5 21.
Bc4 Rfd8 22. Rfd1 Rxd4 23. Rxd4 Rd8 24. Qd2 Qa1+ 25. Kg2 Rxd4 26. exd4 Qc3 27. Qf4 h6 28. Qb8+ Kh7 29. Qb5 Qxd4 30. Qxb4 Nd5 31. Qe1 Nf4+ 32.
Kf1 g6 33. Qe4 Qa1+ 34. Qe1 Qb2 35. Qd1 Kg7 36. Ke1 Nh3 37. Qd2 Qa1+ 38. Ke2 Qe5+ 39.
Kf1 Qxh2 40. Qd4+ e5 41. Qe3 Kh7 42. Bxf7 Nf4 43. Bxg6+ Nxg6 44. f4 Qxf4 45. Qa7+ Kg8 46. Qb8+ Kg7 47. Qc7+ Qf7 48. Qc2 h5 49. Qc3 h4 50.
Qh3 Kh6 51. Qe3+ Qf4 52. Qc5 h3 53. Qe3 h2 0-1

[Event "*** Titled Tuesday Blitz"]
[Site "Chess.com"]
[Date "2020.12.01"]
[Round "2"]
[White "hermionegrangermagic"]
[Black "AsselLesbekova"]
[Result "1-0"]
[WhiteElo "2621"]
[BlackElo "2285"]
[TimeControl "180+1"]
[EndTime "10:18:27 PST"]
[Termination "hermionegrangermagic won by resignation"]

1. e4 c5 2. Nf3 Nc6 3. d4 cxd4 4. Nxd4 e5 5. Nb5 d6 6. N1c3 a6 7. Na3 b5 8. Nd5 Nce7 9. c4 Nxd5 10. exd5 bxc4 11. Nxc4 Nf6 12. Be3 Rb8 13. Qa4+ Qd7 14. Qxd7+ Bxd7 15. Nb6 Bb5 16. Bxb5+ axb5 17. Rc1 Be7 18. Rc6 O-O 19. Ke2 Rfd8 20. Rhc1 Kf8 21. R1c2 Ke8 22. f3 Nd7 23. Nc8 Nf6 24. Bg5 Nxd5 25. Bxe7 Nxe7 26. Nxd6+ Kf8 27. Ra6 Nd5 28. a3 Nf4+ 29. Kf1 Ne6 30. Ne4 Nd4 31. Rc3 Rbc8 32. Ra7 Rxc3 33. Nxc3 f5 34. Rb7 Ne6 35. Rxb5 e4 36.
fxe4 fxe4 37. Nxe4 Rd1+ 38. Kf2 Ke7 39. Rb7+ Kf8 40.
Rb4 Nf4 41. Kf3 Nd3 42. Rb8+ Ke7 43. Rb7+ Ke6 44. Ke2 Rg1 45. Kxd3 Rxg2 46. a4 Rxh2 47. a5 Rh1 48. a6 Rd1+ 49. Kc2 Rd8 50. a7 Ra8 51. b4 Kd5 52. Nc3+ Kc6 53. Rxg7 1-0

[Event "*** Titled Tuesday Blitz"]
[Site "Chess.com"]
[Date "2020.12.01"]
[Round "2"]
[White "Tsyhanchuk_Stanislav"]
[Black "Gogolev_Artemy"]
[Result "1-0"]
[WhiteElo "2230"]
[BlackElo "2417"]
[TimeControl "180+1"]
[EndTime "10:18:27 PST"]
[Termination "Tsyhanchuk_Stanislav won by resignation"]

1. d4 Nf6 2. Nf3 g6 3. c4 d6 4. g3 Bg7 5. Bg2 O-O 6. O-O Bf5 7. Nc3 Ne4 8. Nd2 Nxc3 9. bxc3 c6 10. e4 Bc8 11. Nb3 a5 12. a4 Na6 13. Ba3 Qc7 14.
Re1 Be6 15. Qe2 Rfe8 16. Rab1 Rad8 17. Nd2 Bc8 18. h4 e5 19. Qd3 exd4 20. cxd4 Qe7 21.
e5 c5 22. d5 dxe5 23. Rb5 Nb4 24. Bxb4 axb4 25. Nb3 Bd7 26. Rxb7 Rc8 27. a5 Qd8 28. a6 Rc7 29. d6 Rxb7 30. axb7 Qb6 31. Qd5 Be6 32.
Qxc5 Qxc5 33. Nxc5 Bxc4 34. Nd7 b3 35. b8=Q Rxb8 36.
Nxb8 Bd3 37. Be4 Bc4 38. d7 Bf6 39. Nc6 Kf8 40. d8=Q+ Bxd8 41. Nxd8 Ke7 42. Nc6+ Kd6 43. Na5 Be6 44. Rb1 Kc5 45. Nxb3+ Kc4 46. Nc1 Kc3 47.
Kf1 Kd4 48. f3 Kc3 49. Ne2+ Kd2 50. Re1 Ke3 51. Bb1 Kd2 52. Kf2 Bc4 53. f4 exf4 54. gxf4 h5 55. Ng3 Kc3 56. f5 Kd4 57. fxg6 fxg6 58. Bxg6 1-0

[Event "*** Titled Tuesday Blitz"]
[Site "Chess.com"]
[Date "2020.12.01"]
[Round "2"]
[White "Neftegor"]
[Black "Sam_ChessMood"]
[Result "0-1"]
[WhiteElo "2529"]
[BlackElo "2833"]
[TimeControl "180+1"]
[EndTime "10:18:28 PST"]
[Termination "Sam_ChessMood won by checkmate"]

1. Nf3 d5 2. d4 Nf6 3. c4 c6 4. Nc3 e6 5. e3 Nbd7 6. Bd3 dxc4 7.
Bxc4 b5 8. Bd3 Bd6 9. O-O O-O 10. b3 Bb7 11. Bb2 a6 12. a4 b4 13. Ne4 Nxe4 14.
Bxe4 Nf6 15. Bd3 c5 16. dxc5 Bxc5 17. Qe2 Qe7 18. Rac1 Rfd8 19. Ne5 a5 20. Rfd1 Rac8 21. Nc4 Ra8 22. e4 h6 23. Kh1 Rd7 24. Ne5 Rdd8 25. f3 Bd4 26. Bxd4 Rxd4 27. Nc4 e5 28. Qe3 Nh5 29.
Bf1 Rad8 30. Rxd4 exd4 31. Qd2 Qc7 32. e5 Qe7 33. Kg1 g5 34. Re1 Nf4 35. g3 Ne6 36. Nd6 Bd5 37. Nf5 Qf8 38. Qd3 Rc8 39. Qb5 Rc5 40.
Qd7 Bxb3 41. Qa7 Bc2 42. Qa6 Bxf5 43. Bb5 Bc2 44. Bc4 Qe7 45. Re2 b3 46. f4 gxf4 47.
gxf4 Nxf4 48. Rd2 Qg5+ 49. Kf1 d3 50. Qa8+ Kg7 51. Qf3 Rxc4 52. Rf2 d2 53. Rxd2 Bd3+ 54. Kf2 Rc2 55. Rxc2 bxc2 56. e6 Qc5+ 57. Kg3 Qg1+ 58. Kh4 Qg5# 0-1

[Event "*** Titled Tuesday Blitz"]
[Site "Chess.com"]
[Date "2020.12.01"]
[Round "2"]
[White "Blitzking642"]
[Black "igorcadilhac"]
[Result "0-1"]
[WhiteElo "2275"]
[BlackElo "2471"]
[TimeControl "180+1"]
[EndTime "10:18:29 PST"]
[Termination "igorcadilhac won by checkmate"]

1. e4 e5 2. Nf3 Nc6 3. Nc3 Nf6 4. Bb5 Bb4 5. O-O O-O 6. d3 Bxc3 7. bxc3 d6 8. Bg5 Qe7 9. Re1 Nd8 10. d4 Bg4 11. h3 Bh5 12. Bd3 Ne6 13. Be3 Nd7 14. Rb1 b6 15. Bb5 Rad8 16. Be2 c5 17. Qd2 cxd4 18.
cxd4 Bxf3 19. Bxf3 exd4 20. Bxd4 Ne5 21. Be2 Nxd4 22. Qxd4 Rc8 23. f4 Ng6 24. Rf1 Rxc2 25. Bd3 Rxa2 26. f5 Ne5 27. f6 Qc7 28. fxg7 Rc8 29.
Rbc1 Qb8 30. Rxc8+ Qxc8 31. Qxd6 Qc5+ 32. Qxc5 bxc5 33.
Bb5 Kxg7 34. Rc1 Ra5 35. Rxc5 Nd3 36. Rg5+ Kf8 37. h4 Nf4 38. Rf5 Ng6 39. h5 Ne7 40.
Re5 a6 41. Rc5 Rxb5 42. Rc7 Rxh5 43. Ra7 a5 44. Kf2 Re5 45. Ke3 Nc6 46. Ra8+ Ke7 47.
Kf4 Kd6 48. Ra6 Re6 49. g4 Rf6+ 50. Ke3 Re6 51. Ra8 f6 52. Rh8 Re7 53. Rc8 Ne5 54. Ra8 Ke6 55. Kf4 Kf7 56. Rxa5 Kg7 57. Kf5 Ng6 58.
Ra6 Re5# 0-1

[Event "*** Titled Tuesday Blitz"]
[Site "Chess.com"]
[Date "2020.12.01"]
[Round "2"]
[White "Fh2411"]
[Black "ArjunErigaisi2003"]
[Result "0-1"]
[WhiteElo "2556"]
[BlackElo "2910"]
[TimeControl "180+1"]
[EndTime "10:18:30 PST"]
[Termination "ArjunErigaisi2003 won by resignation"]

1. d4 e6 2. Nf3 b6 3. g3 Bb7 4. Bg2 Nf6 5. O-O Be7 6. c4 O-O 7. Nc3 Bb4 8. Bd2 d6 9. a3 Bxc3 10.
Bxc3 Ne4 11. Qc2 Nd7 12. Nd2 Nxc3 13. Qxc3 Bxg2 14. Kxg2 f5 15. Rae1 Qe8 16. e4 f4 17.
e5 dxe5 18. dxe5 Rd8 19. b4 Qg6 20. Nf3 Nb8 21. Nh4 Qh5 22. Qf3 Qg5 23. Qe4 c5 24.
Nf3 Qh5 25. b5 Rf5 26. Nh4 Rf7 27. Qe2 Qh6 28. Nf3 Rdf8 29. g4 Qg6 30. h3 Rd7 31. Qe4 Qxe4 32. Rxe4 h6 33. a4 Rd3 34. Ra1 Nd7 35. a5 Rf7 36. axb6 Nxb6 37. Rc1 g6 38. h4 Kg7 39. Rc2 Na4 40. Ne1 f3+ 41. Kg3 Rc3 42. Rxc3 Nxc3 43. Re3 Ne2+ 44. Kh3 Nd4 45.
Kg3 Ne2+ 46. Kh2 Rf4 47. Nxf3 Nc1 48. Kg3 Rxc4 49. Ra3 Rb4 50. Rxa7+ Kf8 51. Rh7 Ne2+ 52. Kh2 Rf4 53. Kg2 Rxg4+ 54. Kf1 Nc3 55. Rxh6 Kg7 56.
Ng5 Kxh6 57. b6 Rb4 0-1

[Event "*** Titled Tuesday Blitz"]
[Site "Chess.com"]
[Date "2020.12.01"]
[Round "2"]
[White "yobdc"]
[Black "XDPS"]
[Result "0-1"]
[WhiteElo "2501"]
[BlackElo "2789"]
[TimeControl "180+1"]
[EndTime "10:18:30 PST"]
[Termination "XDPS won by checkmate"]

1. d4 d5 2. Nf3 Nf6 3. e3 Bf5 4. Bd3 Bxd3 5. cxd3 e6 6. Nc3 c5 7. dxc5 Bxc5 8. d4 Bd6 9. Bd2 O-O 10. Qb3 Qe7 11. Nb5 Nc6 12. Nxd6 Qxd6 13. Rc1 b6 14.
O-O Rfc8 15. Rc2 Rc7 16. Rfc1 Rac8 17. a3 h6 18. h3 Ne4 19. Be1 Qd8 20. Qa4 Qd6 21. b4 f6 22. b5 Nd8 23. Bb4 Qd7 24. Ne1 Nf7 25. Rc6 Nd8 26. R6c2 Rxc2 27. Rxc2 Rxc2 28.
Nxc2 a5 29. Be1 Nd6 30. f3 Qxb5 31. Qxb5 Nxb5 32. a4 Nd6 33. Na3 Kf7 34. Bg3 N8b7 35. Kf2 Ke7 36. Ke2 Kd7 37. Kd3 Kc6 38. e4 b5 39. e5 b4 40. Nb1 Nc4 41. exf6 gxf6 42. Bf4 h5 43. g4 h4 44. g5 fxg5 45. Bxg5 Nb2+ 46. Kc2 Nxa4 47. Bxh4 Nd6 48. Bf6 Nf5 49. h4 Kb5 50. h5 Nb6 51. h6 Nxh6 52. Be5 Nf5 53.
Nd2 a4 54. f4 Nc4 55. Nf3 b3+ 56. Kb1 a3 57. Ng5 Nfe3 58. Nxe6 a2+ 59. Ka1 Nc2# 0-1

[Event "*** Titled Tuesday Blitz"]
[Site "Chess.com"]
[Date "2020.12.01"]
[Round "2"]
[White "alexsuper1987"]
[Black "Das_Virus_2020"]
[Result "0-1"]
[WhiteElo "2233"]
[BlackElo "2445"]
[TimeControl "180+1"]
[EndTime "10:18:31 PST"]
[Termination "Das_Virus_2020 won by resignation"]

1. d4 Nf6 2. Bf4 c5 3. e3 e6 4.
c3 b6 5. Nd2 Bb7 6. Ngf3 Be7 7.
Bd3 Nh5 8. Bg3 Nxg3 9. hxg3 h6 10. Qe2 d6 11. g4 Nd7 12. e4 Qc7 13. g5 O-O-O 14.
gxh6 Rxh6 15. Rxh6 gxh6 16. dxc5 Nxc5 17. O-O-O Nxd3+ 18. Qxd3 a6 19. Qe3 Bf8 20. Nb3 Kb8 21. Kb1 Bg7 22.
Nbd4 Qc5 23. Nd2 Qg5 24. Nc4 Qc5 25. Nd2 Ka7 26. f3 Qg5 27. Qf2 Qc5 28. N2b3 Qc4 29. Nc2 Qa4 30. Rd3 a5 31. Qd2 d5 32. Na3 Ba6 33.
Re3 Bf6 34. f4 dxe4 35. Qe1 Bd3+ 36. Ka1 Qc6 37. Nc1 Qc5 38. Qd2 Qd5 39. Nxd3 exd3 40.
Nb1 Be7 41. g3 Bc5 42. Re5 Qf3 43. a3 Qxg3 44. c4 Qf2 45. Qc3 Qd4 46. Qe1 Qxf4 47.
Rxc5 d2 48. Rc7+ Qxc7 49. Nxd2 Qc5 50. Nb1 Qxc4 51. Nc3 Rd4 52. Qe5 Rd5 53. Qg7 Qc7 54.
Qxh6 Rc5 55. Qe3 Rxc3 56. bxc3 Qc5 57. Kb2 Qxe3 0-1

[Event "*** Titled Tuesday Blitz"]
[Site "Chess.com"]
[Date "2020.12.01"]
[Round "2"]
[White "Love_craft"]
[Black "GMJustin"]
[Result "0-1"]
[WhiteElo "2574"]
[BlackElo "2313"]
[TimeControl "180+1"]
[EndTime "10:18:32 PST"]
[Termination "GMJustin won by checkmate"]

1. Nf3 d5 2. g3 Bg4 3. Bg2 Nd7 4. h3 Bxf3 5. Bxf3 c6 6. Bg2 e5 7.
O-O f5 8. b3 Ngf6 9. Bb2 Bd6 10. d3 O-O 11. Nd2 e4 12. c4 Qe7 13. cxd5 cxd5 14. dxe4 fxe4 15. e3 Ne5 16. Bxe5 Qxe5 17. Rc1 h5 18. h4 g5 19. hxg5 Ng4 20. Bxe4 Rxf2 21. Rxf2 Qxg3+ 22. Rg2 Qxe3+ 23. Kf1 dxe4 24. Nxe4 Qxe4 25. Qxd6 Rf8+ 26. Qxf8+ Kxf8 27. Re1 Qf4+ 28. Kg1 Kg7 29. Rge2 h4 30. Re7+ Kg6 31. R7e2 Qg3+ 32. Kh1 Nf2+ 33. Rxf2 Qxf2 34. Rg1 Qf3+ 35. Kh2 Qf2+ 36.
Kh1 Qxg1+ 37. Kxg1 Kxg5 38. Kg2 b5 39. b4 Kg4 40. a3 Kf4 41. Kh3 Ke4 42. Kxh4 Kd4 43.
Kg5 Kc4 44. Kf5 Kb3 45. Ke5 Kxa3 46. Kd5 Kxb4 47. Kc6 a5 48. Kb7 a4 49. Kb6 a3 50.
Ka6 a2 51. Kb6 a1=Q 52. Kb7 Qf6 53. Kc7 Kc5 54. Kd7 Qf7+ 55. Kd8 Kc6 56. Kc8 Qf8# 0-1

[Event "*** Titled Tuesday Blitz"]
[Site "Chess.com"]
[Date "2020.12.01"]
[Round "2"]
[White "marciojor"]
[Black "InitiatingASC"]
[Result "1-0"]
[WhiteElo "2260"]
[BlackElo "2422"]
[TimeControl "180+1"]
[EndTime "10:18:32 PST"]
[Termination "marciojor won on time"]

1. e4 c5 2. Nf3 Nc6 3. d4 cxd4 4. Nxd4 Nf6 5. Nc3 e5 6. Ndb5 h6 7. Nd5 Nxd5 8. exd5 a6 9. dxc6 axb5 10. cxd7+ Bxd7 11. Bd3 Qc7 12. O-O Bc5 13. Qe2 b4 14. Re1 Bd6 15. Qe4 f5 16. Qc4 Qxc4 17. Bxc4 O-O-O 18. Bd2 Rhf8 19. Rad1 Bc6 20. Be3 Kc7 21. Bb3 g5 22. f3 e4 23. fxe4 Bxe4 24. Bd4 Rd7 25. g4 Rdd8 26.
gxf5 Bxf5 27. Bg7 Rfe8 28. Rxe8 Rxe8 29. Bxh6 Bf4 30. Rd5 Bg4 31. Bg7 Re1+ 32. Kf2 Re2+ 33.
Kf1 Rxh2 34. Be5+ Bxe5 35. Rxe5 Be2+ 36. Kg1 Kd6 37. Re3 Rh4 38. Rxe2 Rd4 39. Re6+ Kd7 40. Rg6 g4 41. Kg2 Kc7 42. Kg3 Re4 43. Rxg4 Re3+ 44. Kf2 Re5 45. Rxb4 Rf5+ 46. Ke3 Rh5 47. Rf4 Rh3+ 48. Rf3 Rh1 49. Kd3 Rd1+ 50. Kc3 Re1 51. Rd3 Re4 52. a4 Rh4 53. Bc4 Kb6 54. b4 Rg4 55.
Rd6+ Kc7 56. Rf6 Rg3+ 57. Bd3 Rg4 58. a5 Rg5 59. Kb3 Re5 60. b5 Rd5 61. Rf7+ Kb8 62. Kb4 Rh5 63. c4 Rh4 64. Bf5 Rh5 65. Be6 1-0